 Dungeon Crawl Stone Soup version 0.27-a0-498-g7ecbb0a48f (webtiles) character file.

Game seed: 9702218123957626958

10395 Esekla the Covert (level 11, -10/96 (99) HPs)
             Began as a Deep Dwarf Delver on Mar 1, 2021.
             Was a High Priest of Makhleb.
             Mangled by a red ugly thing (22 damage)
             ... on level 11 of the Dungeon on Mar 2, 2021.
             The game lasted 01:42:49 (10633 turns).

Esekla the Covert (Deep Dwarf Delver)              Turns: 10633, Time: 01:42:50

HP:   -10/96 (99)   AC:  9    Str: 19    XL:     11   Next: 35%
MP:   11/11         EV: 17    Int: 17    God:    Makhleb [*****.]
Gold: 690           SH:  0    Dex: 20    Spells: 7/19 levels left

rFire    . . .     SeeInvis .   e - +2 short sword (elec)
rCold    . . .     Faith    .   (no shield)
rNeg     . . .     Spirit   .   U - +2 leather armour of Kikubaaqudgha's Hope {rPois Regen+ Str-4 Int+4}
rPois    +         Reflect  .   (no helmet)
rElec    .         Harm     .   y - +1 cloak
rCorr    .         Rampage  .   (no gloves)
Will     +....                  O - +0 pair of boots
Stlth    ++++......             S - amulet of magic regeneration
HPRegen  0.00/turn              u - +6 ring of strength
MPRegen  0.37/turn              C - +6 ring of dexterity

@: non-regenerating, lightly drained
A: damage resistance, heal wounds, sense surroundings 2, no regeneration
a: Heal Wounds, Renounce Religion, Minor Destruction, Lesser Servant of Makhleb,
Major Destruction, Greater Servant of Makhleb


You were on level 11 of the Dungeon.
You worshipped Makhleb.
Makhleb was extremely pleased with you.
You visited 2 branches of the dungeon, and saw 12 of its levels.
You also visited: Sewer.

You collected 744 gold pieces.
You spent 54 gold pieces at shops.

Inventory:

Hand Weapons
 a - a +0 scimitar of holy wrath
 e - a +2 short sword of electrocution (weapon)
 r - a +2 trident of venom
 v - a +1 dagger of venom
Missiles
 p - 7 poisoned darts
 s - 15 boomerangs (quivered)
 A - 6 silver javelins
 B - 5 javelins
Armour
 b - a +0 leather armour
 y - a +1 cloak (worn)
 F - a +2 kite shield
 O - a +0 pair of boots (worn)
 Q - +1 swamp dragon scales
 T - a +2 robe of fire resistance
 U - the +2 leather armour of Kikubaaqudgha's Hope (worn) {rPois Regen+ Str-4 Int+4}
   (You found it on level 10 of the Dungeon)

   It affects your strength (-4).
   It affects your intelligence (+4).
   It protects you from poison.
   It increases your rate of regeneration.
Jewellery
 t - a ring of fire
 u - a +6 ring of strength (left hand)
 C - a +6 ring of dexterity (right hand)
 K - a ring of willpower
 P - a ring of protection from cold
 S - an amulet of magic regeneration (around neck)
 V - a +6 ring of strength
Wands
 g - a wand of digging (3)
 x - a wand of random effects (9)
 D - a wand of acid (4)
 I - a wand of flame (18)
 R - a wand of iceblast (7)
Scrolls
 c - 2 scrolls of fog
 h - 3 scrolls of identify
 i - a scroll of silence {unknown}
 k - 5 scrolls of enchant weapon {unknown}
 l - 3 scrolls of amnesia {unknown}
 m - a scroll of noise {unknown}
 n - 7 scrolls of teleportation
 q - 2 scrolls of fear
 z - a scroll of blinking {unknown}
 E - 3 scrolls of immolation {unknown}
 G - a scroll of vulnerability {unknown}
 H - a scroll of summoning {unknown}
 J - a scroll of magic mapping
Potions
 d - a potion of berserk rage
 f - 8 potions of haste
 j - 9 potions of curing
 o - 2 potions of resistance
 w - 2 potions of invisibility
 L - a potion of mutation
 M - 2 potions of heal wounds
 N - a potion of might
 W - a potion of brilliance


   Skills:
 * Level 6.4 Fighting
 + Level 4.8(6.6) Short Blades
 * Level 7.7(8.4) Long Blades
 + Level 2.3 Throwing
 + Level 5.1 Armour
 * Level 6.8 Dodging
 + Level 9.4 Stealth
 * Level 5.3 Shields
 * Level 4.7 Spellcasting
 * Level 1.8 Conjurations
 * Level 2.1 Translocations
 + Level 3.3 Transmutations
 * Level 1.8 Fire Magic
 * Level 1.3 Air Magic
 * Level 1.6 Poison Magic


You had 7 spell levels left.
You knew the following spells:

 Your Spells              Type           Power        Failure   Level
b - Blink                 Tloc           N/A          11%         2
c - Mephitic Cloud        Conj/Pois/Air  9%           26%         3
e - Searing Ray           Conj           20%          12%         2
f - Conjure Flame         Conj/Fire      10%          24%         3
w - Wereblood             Tmut           15%          6%          2

Your spell library contained the following spells:

 Spells                   Type           Power        Failure   Level
 Beastly Appendage        Tmut           30%          4%          1
 Foxfire                  Conj/Fire      40%          8%          1
 Magic Dart               Conj           40%          8%          1
 Spider Form              Tmut/Pois      6%           19%         3
 Call Imp                 Summ           4%           26%         2
 Slow                     Hex            4%           26%         2
 Ice Form                 Ice/Tmut       9%           63%         4
 Petrify                  Tmut/Erth      9%           63%         4
 Blade Hands              Tmut           7%           75%         5
 Bolt of Magma            Conj/Fire/Erth 4%           95%         5
 Iron Shot                Conj/Erth      3%           100%        6


Dungeon Overview and Level Annotations

Branches:
Dungeon (11/15)            Temple (1/1) D:4            Lair (0/6) D:10
  Sewer (visited)
    Orc: D:9-12

Altars:
Ashenzari
Cheibriados
Dithmenos
Elyvilon
Fedhas
Hepliaklqana
Kikubaaqudgha
Makhleb
Okawaru
Ru
Trog
Uskayaw
Vehumet
Yredelemnul

Shops:
D:4 ?   D:9 *


Innate Abilities, Weirdness & Mutations

You are resistant to damage.
You can heal yourself by infusing magical energy.
You passively map the area around you.
You do not regenerate.


Message History

The iceblast engulfs the red ugly thing!!
The red ugly thing is moderately wounded.
Aiming: Iceblast
Press: ? - help, Shift-Dir - straight line, f/p - red ugly thing
Aim: a red ugly thing (moderately wounded)
The mass of ice explodes!
The iceblast engulfs the red ugly thing!!
The red ugly thing is heavily wounded.
Your +0 scimitar of holy wrath stops glowing.
Your +1 dagger of venom begins to drip with poison!
v - a +1 dagger of venom (weapon)
The red ugly thing bites you.
You are engulfed in flames!
You hit the red ugly thing but do no damage.
The red ugly thing is poisoned.
The red ugly thing is heavily wounded.
You hit the red ugly thing.
The red ugly thing is heavily wounded.
The red ugly thing completely misses you.
You closely miss the red ugly thing.
The red ugly thing is heavily wounded.
The red ugly thing bites you but does no damage.
You hit the red ugly thing.
The red ugly thing looks as sick as possible!
The red ugly thing is heavily wounded.
You barely miss the red ugly thing.
The red ugly thing is heavily wounded.
The red ugly thing bites you!
You are engulfed in flames!
* * * LOW HITPOINT WARNING * * *
Your +1 dagger of venom stops dripping with poison.
You hear the crackle of electricity.
e - a +2 short sword of electrocution (weapon)
The red ugly thing bites you!
* * * LOW HITPOINT WARNING * * *
You are engulfed in flames!
* * * LOW HITPOINT WARNING * * *
Your magical essence is drained by the effort!
You feel much better. The red ugly thing bites you!
* * * LOW HITPOINT WARNING * * *
You are engulfed in flames!!
You die...

,* ,.+. , , ...# , ,,
* + ##'..###.##* *
*#......... * , , *
.....#.... ,... * *
##...###...## #.#
##+#...........# #.#
**+ #....u#.).).#..#
#.# #...@##.._..##.#
#.# ,
#.....#.).).#..####.#
, ,
#................##.#
,
+.......###...##....#
, ,
#........#...#####...
, ######+.....##
##...# , ,
#.#########..#.# , ,
#.. #.........# ** *
#.# #.8.....8.#


You could see a red ugly thing (extremely poisoned).

Vanquished Creatures
  An ettin (D:10)
  A two-headed ogre (D:8)
  A cyclops (D:7)
  Joseph (D:7)
  Maggie (D:9)
  3 komodo dragons (D:10)
  A troll (D:9)
  8 yaks
  2 wyverns
  A basilisk (D:10)
  2 acid dragons (D:10)
  2 water moccasins (D:9)
  Purgy (Sewer)
  2 orc warriors
  A sky beast (D:10)
  A black bear (D:10)
  An eye of draining (D:11)
  A necrophage (D:10)
  An ice beast (D:9)
  5 ogres
  9 centaurs
  2 phantoms
  A kobold brigand (D:9)
  5 bullfrogs
  5 scorpions
  5 wights
  6 howler monkeys
  2 electric eels (D:8)
  A bullfrog zombie (D:8)
  6 hounds
  A jelly (D:9)
  5 orc priests
  A bullfrog skeleton (D:8)
  5 centaur skeletons
  5 iguanas
  Terence (D:3)
  4 worker ants
  5 orc wizards
  A hound zombie (D:7)
  3 worker ant zombies
  3 gnolls (D:4)
  11 adders
  2 white imps
  2 ufetubi
  An ooze (D:3)
  4 worms
  A dart slug (D:1)
  9 leopard geckos
  29 orcs
  6 giant cockroaches
  4 goblins
  3 hobgoblins
  5 jackals
  14 kobolds
  5 quokkas
  2 ball pythons
  17 bats
  4 frilled lizards
  A giant cockroach zombie (D:5)
  A jackal zombie (D:8)
  A quokka skeleton (D:9)
  A quokka zombie (D:8)
  10 rats
246 creatures vanquished.

Vanquished Creatures (others)
  A jackal (D:6)
  2 plants (D:8)
3 creatures vanquished.

Grand Total: 249 creatures vanquished

Notes
Turn   | Place    | Note
-------+----------+-------------------------------------------
     0 | D:5      | Esekla the Deep Dwarf Delver began the quest for the Orb.
     0 | D:5      | Reached XP level 1. HP: 20/20 MP: 1/1
    19 | D:5      | Noticed an ogre
    43 | D:4      | Noticed a scorpion
   252 | D:5      | Identified the +0 cloak of Gep Gama {Harm rCorr Stlth-}
   330 | D:4      | Found a staircase to the Ecumenical Temple.
   338 | Temple   | Entered the Ecumenical Temple
   376 | Temple   | Became a worshipper of Makhleb the Destroyer
   524 | D:3      | Reached XP level 2. HP: 27/27 MP: 2/2
   572 | D:3      | Noticed Terence
   729 | D:3      | Reached XP level 3. HP: 20/33 MP: 3/3
   756 | D:3      | Found a blossoming altar of Fedhas.
   823 | D:3      | Noticed a bullfrog
   846 | D:3      | Killed a bullfrog
   847 | D:3      | Reached skill level 1 in Armour
   847 | D:3      | Reached XP level 4. HP: 19/40 MP: 4/4
  1212 | D:1      | Reached * piety under Makhleb
  2309 | D:1      | Upgraded the game from 0.27-a0-489-g24c7b1a3ef to
                  | 0.27-a0-498-g7ecbb0a48f
  2492 | D:3      | Killed Terence
  2493 | D:3      | Reached XP level 5. HP: 19/49 MP: 6/6
  3078 | D:4      | Reached skill level 1 in Spellcasting
  3140 | D:4      | Reached ** piety under Makhleb
  3141 | D:4      | Reached skill level 1 in Short Blades
  3290 | D:4      | Reached XP level 6. HP: 39/56 MP: 6/6
  3305 | D:4      | Found Egimom's Magic Scroll Shop.
  3321 | D:4      | Bought a scroll of random uselessness for 12 gold pieces
  3554 | D:5      | Reached skill level 7 in Stealth
  3708 | D:5      | Reached XP level 7. HP: 17/62 MP: 8/8
  4429 | D:6      | Found a glowing drain.
  4468 | Sewer    | Entered a sewer
  4527 | Sewer    | Noticed Purgy
  4534 | Sewer    | Killed Purgy
  4603 | D:6      | Reached skill level 1 in Throwing
  4603 | D:6      | Reached XP level 8. HP: 44/72 MP: 9/9
  4702 | D:6      | Reached skill level 1 in Shields
  4709 | D:6      | Reached *** piety under Makhleb
  5007 | D:6      | Learned a level 2 spell: Wereblood
  5046 | D:6      | Reached skill level 5 in Long Blades
  5546 | D:7      | Found a hide-covered altar of Uskayaw.
  5573 | D:7      | Noticed Joseph
  5590 | D:7      | Killed Joseph
  5591 | D:7      | Reached skill level 5 in Dodging
  5591 | D:7      | Reached skill level 8 in Stealth
  5591 | D:7      | Gained mutation: You passively map the area around you.
                  | [Deep Dwarf growth]
  5591 | D:7      | Reached XP level 9. HP: 48/79 MP: 1/10
  5669 | D:4      | Bought a scroll of magic mapping for 42 gold pieces
  5705 | D:7      | Noticed a cyclops
  5726 | D:7      | Killed a cyclops
  5727 | D:7      | Reached skill level 1 in Transmutations
  5821 | D:7      | Reached skill level 5 in Fighting
  6057 | D:7      | Found a bloodstained altar of Trog.
  6058 | D:7      | Noticed a moth of wrath
  6297 | D:7      | Reached **** piety under Makhleb
  6624 | D:8      | Noticed a two-headed ogre
  6678 | D:8      | Killed a two-headed ogre
  6718 | D:8      | Reached XP level 10. HP: 56/88 MP: 6/11
  6764 | D:8      | Identified the Collected Works on Conjuration and the Rocks
  7037 | D:8      | Reached skill level 9 in Stealth
  7146 | D:9      | Reached skill level 5 in Armour
  7413 | D:9      | Learned a level 2 spell: Searing Ray
  7416 | D:9      | Learned a level 2 spell: Blink
  7420 | D:9      | Learned a level 3 spell: Mephitic Cloud
  7424 | D:9      | Learned a level 3 spell: Conjure Flame
  7630 | D:9      | Found a shadowy altar of Dithmenos.
  7796 | D:9      | Found a radiant altar of Vehumet.
  7829 | D:9      | Reached skill level 1 in Translocations
  7853 | D:9      | Noticed Maggie
  7865 | D:9      | Reached ***** piety under Makhleb
  7887 | D:9      | Killed Maggie
  7947 | D:9      | Found Maenio's General Store.
  7970 | D:9      | Reached skill level 1 in Fire Magic
  8524 | D:10     | Entered Level 10 of the Dungeon
  8545 | D:10     | Reached skill level 1 in Conjurations
  9155 | D:10     | Found a sacrificial altar of Ru.
  9155 | D:10     | Found a broken altar of Ashenzari.
  9157 | D:10     | Noticed an ettin
  9159 | D:10     | Noticed an ice dragon
  9301 | D:10     | Killed an ettin
  9302 | D:10     | Reached skill level 1 in Air Magic
  9302 | D:10     | Reached skill level 1 in Poison Magic
  9302 | D:10     | Reached XP level 11. HP: 97/97 MP: 12/12
  9714 | D:10     | Reached skill level 5 in Shields
  9779 | D:10     | Identified the +2 leather armour of Kikubaaqudgha's Hope
                  | {rPois Regen+ Str-4 Int+4}
 10366 | D:10     | Found a staircase to the Lair.
 10586 | D:11     | Found an iron altar of Okawaru.
 10619 | D:11     | Noticed a red ugly thing
 10632 | D:11     | HP: 2/96 [red ugly thing (13)]
 10633 | D:11     | Mangled by a red ugly thing

Illustrated notes

Levels and vault maps discovered:
D:1:      minmay_arrival_shoal_huts, layout_basic
D:2:      layout_loops_cross
D:3:      layout_basic, lemuel_crystal_altar, uniq_terence
D:4:      layout_rooms, minmay_temple_entry_statues_fountains, serial_shops,
          nicolae_shop_trees
D:5:      layout_cave_pools, grunt_decor_clamped
D:6:      layout_loops_ring, cheibrodos_sewer_entry_bend
D:7:      layout_loops_ring, tgw_trog, nicolae_overflow_hidden_temple,
          uniq_joseph
D:8:      layout_rooms, serial_bayou_pond_b
D:9:      layout_basic, vehumet_altar_wand_db, nicolae_dithmenos_the_darkroom,
          serial_shops, nicolae_shop_crystal, serial_rivers,
          chequers_serial_rivers_micro_c, chequers_serial_rivers_marsh,
          chequers_serial_rivers_small_a, chequers_serial_rivers_micro_d,
          uniq_maggie
D:10:     layout_gridville, erik_lair_dragon, jmf_multi_god_temple
D:11:     layout_roguey, nicolae_trove_entry_columns, st_stairs_1,
          okawaru_ov_weapons_minmay
Temple:   minmay_crystal_spiral_temple

Skill      XL: |  1  2  3  4  5  6  7  8  9 10 11 |
---------------+----------------------------------+-----
Long Blades    | 3 4 5 6 7 |  7.7
Armour         | 1 2 3 4 5 |  5.1
Fighting       | 3 4 5 6 |  6.4
Spellcasting   | 1 2 3 4 |  4.7
Short Blades   | 1 2 3 4 |  4.8
Dodging        | 3 4 5 6 |  6.8
Stealth        | 7 8 9 |  9.4
Throwing       | 1 2 |  2.3
Shields        | 2 3 4 5 |  5.3
Transmutations | 2 3 |  3.3
Translocations | 1 2 |  2.1
Fire Magic     | 1 |  1.8
Conjurations   | 1 |  1.8
Air Magic      | 1 |  1.3
Poison Magic   | 1 |  1.6

Action                   |  1- 3 |  4- 6 |  7- 9 | 10-12 || total
-------------------------+-------+-------+-------+-------++-------
Melee: Falchion          |    61 |    14 |     2 |       ||    77
       Short sword       |     8 |    14 |    45 |    42 ||   109
       Dagger            |       |    85 |   203 |   249 ||   537
       Scimitar          |       |       |    50 |    74 ||   124
Throw: Dart              |     4 |     2 |     9 |    13 ||    28
       Boomerang         |       |       |    21 |     8 ||    29
 Cast: Wereblood         |       |       |     4 |     4 ||     8
       Mephitic Cloud    |       |       |       |     4 ||     4
 Abil: Heal Wounds       |     1 |     1 |     5 |     7 ||    14
Evoke: Wand              |       |       |       |     2 ||     2
  Use: Potion            |     1 |       |     3 |     1 ||     5
       Scroll            |       |     5 |     2 |     5 ||    12
 Stab: Sleeping          |     4 |    20 |     9 |    12 ||    45
       Distracted        |       |     1 |     2 |     3 ||     6
       Confused          |       |       |       |     3 ||     3
Armor: Leather armour    |    15 |    17 |    43 |    32 ||   107
       Swamp dragon scal |       |       |       |    11 ||    11
Dodge: Dodged            |    41 |    66 |   186 |   166 ||   459
Block: Kite shield       |       |       |       |   112 ||   112
       Rpst.: Falchion   |    12 |     5 |       |       ||    17
       Scimitar          |       |       |    11 |     9 ||    20

Table legend: (Time is in decaauts)
 A = Elapsed time spent in this place.
 B = Non-inter-level travel time spent in this place.
 C = Inter-level travel time spent in this place.
 D = Time resting spent in this place.
 E = Time spent auto-exploring this place.
 F = Levels seen in this place.
 G = Mean time per level.
                   A        B        C        D        E       F      G
               +--------+--------+--------+--------+--------+-----+--------+
         Total |  10545 |   9852 |    693 |    513 |   2036 |  13 |  811.2 |
       Dungeon |  10365 |   9672 |    693 |    513 |   2036 |  11 |  942.3 |
        Temple |     75 |     75 |      0 |      0 |      0 |   1 |   75.0 |
         Sewer |    103 |    103 |      0 |      0 |      0 |   1 |  103.0 |
               +--------+--------+--------+--------+--------+-----+--------+

Top non-repeatable levels by time:
     D:9: 1456 daAuts
    D:10: 1426 daAuts
     D:6: 1134 daAuts
     D:7: 1115 daAuts
     D:3: 994 daAuts
     D:5: 981 daAuts
     D:1: 922 daAuts
     D:8: 830 daAuts
     D:4: 753 daAuts
     D:2: 629 daAuts
    D:11: 120 daAuts
   Sewer: 103 daAuts
  Temple: 75 daAuts
